3AAA
AUGUSTA TIMBER HAWKS @ BRINKLEY BELUGAS
09/18/2029
 
TOP OF THE 1ST
Augusta Timber Hawks batting - Pitching for Brinkley Belugas : RHP Chae-seong Kim
Pitching: RHP Chae-seong Kim
Batting: LHB José Pérez 0-0: Ball
1-0: Foul Ball, location: 2F
1-1: Ball
2-1: Ball
3-1: Base on Balls
Batting: LHB Carlos Medellín 0-0: Ball
José Pérez steals 2nd base
1-0: Called Strike
1-1: Ball
2-1: Foul Ball, location: 2F
2-2: Foul Ball, location: 2F
2-2: Ball
3-2: Foul Ball, location: 2F
3-2: Base on Balls
Batting: RHB Armond Merlin 0-0: Ball
1-0: Ball
José Pérez steals 3rd base
2-0: Ball
3-0: Called Strike
3-1: Swinging Strike
3-2: Strikes out swinging
Batting: LHB Juan Gabriel 0-0: Ball
1-0: Called Strike
1-1: Ball
2-1: Swinging Strike
2-2: Ball
3-2: Fly out, F8 (Flyball, 8RM)
Batting: SHB Eduardo Pampin 0-0: Ball
1-0: Foul Ball, location: 2F
1-1: Foul Ball, location: 2F
1-2: Ball
2-2: Fly out, F5 (Popup, 5F)
Top of the 1st over - 0 runs, 0 hits, 0 errors, 2 left on base; Augusta 0 - Brinkley 0
BOTTOM OF THE 1ST
Brinkley Belugas batting - Pitching for Augusta Timber Hawks : LHP Gary Barber
Pitching: LHP Gary Barber
Batting: LHB Marcos Deleón 0-0: Ball
1-0: Ball
2-0: Called Strike
2-1: Swinging Strike
2-2: Fly out, F4 (Line Drive, 4)
Batting: LHB William O'Keefe 0-0: Called Strike
0-1: Ball
1-1: Ball
2-1: Swinging Strike
2-2: Strikes out looking
Batting: RHB Wu-shiun Wang 0-0: Ball
1-0: Called Strike
1-1: Swinging Strike
1-2: Ball
2-2: SINGLE (Groundball, 3D)
Batting: RHB Orlando Velásquez 0-0: Ball
1-0: 2-RUN HOME RUN (Flyball, 7LD), Distance : 345 ft
Batting: LHB Mario Nieves 0-0: Ball
1-0: Fly out, F4 (Popup, 4S)
Bottom of the 1st over - 2 runs, 2 hits, 0 errors, 0 left on base; Augusta 0 - Brinkley 2
TOP OF THE 2ND
Augusta Timber Hawks batting - Pitching for Brinkley Belugas : RHP Chae-seong Kim
Batting: RHB Kenny Fleming 0-0: Ball
1-0: Ball
2-0: Ball
3-0: Base on Balls
Batting: LHB Dan O'Day 0-0: Foul Ball, location: 2F
0-1: Ball
1-1: Ball
2-1: Ball
3-1: Base on Balls
Kenny Fleming to second
Batting: LHB Mark McClear 0-0: Called Strike
0-1: Ball
1-1: Foul Ball, location: 2F
1-2: Foul Ball, location: 2F
1-2: Ball
2-2: Ball
3-2: Strikes out swinging
Batting: RHB Jorge López 0-0: Called Strike
0-1: Swinging Strike
0-2: Grounds into double play, 6-4-3 (Groundball, 6)
Top of the 2nd over - 0 runs, 0 hits, 0 errors, 1 left on base; Augusta 0 - Brinkley 2
BOTTOM OF THE 2ND
Brinkley Belugas batting - Pitching for Augusta Timber Hawks : LHP Gary Barber
Batting: RHB Reggie Kahn 0-0: Ball
1-0: Called Strike
1-1: Swinging Strike
1-2: SINGLE (Line Drive, 6D)
Batting: LHB Mike Cook 0-0: Called Strike
0-1: Foul Ball, location: 2F
0-2: Ball
1-2: Strikes out swinging
Batting: LHB Natale Langushi 0-0: Ball
1-0: Called Strike
1-1: Ball
2-1: Ball
3-1: Foul Ball, location: 2F
3-2: SINGLE (Groundball, 6MD)
Reggie Kahn to second
Reggie Kahn to third
Batting: RHB Randy Tucker 0-0: Called Strike
0-1: Ball
1-1: Swinging Strike
1-2: Fielders Choice at 2nd, 6-4 (Groundball, 6)
Reggie Kahn scores
Batting: LHB Marcos Deleón 0-0: Ball
1-0: Called Strike
1-1: Ball
2-1: Ground out 1-3 (Groundball, P)
Bottom of the 2nd over - 1 run, 2 hits, 0 errors, 1 left on base; Augusta 0 - Brinkley 3
TOP OF THE 3RD
Augusta Timber Hawks batting - Pitching for Brinkley Belugas : RHP Chae-seong Kim
Batting: LHB José Pérez 0-0: Called Strike
0-1: Ball
1-1: Ball
2-1: Foul Ball, location: 2F
2-2: Foul Ball, location: 2F
2-2: Ball
3-2: Foul Ball, location: 2F
3-2: Ground out 6-3 (Groundball, 6)
Batting: LHB Carlos Medellín 0-0: Ball
1-0: Fly out, F8 (Flyball, 8LD)
Batting: RHB Armond Merlin 0-0: Called Strike
0-1: Ball
1-1: Called Strike
1-2: Ball
2-2: Ball
3-2: Base on Balls
Batting: LHB Juan Gabriel 0-0: Called Strike
Armond Merlin steals 2nd base
0-1: Ball
1-1: Called Strike
1-2: Foul Ball, location: 2F
1-2: Ball
2-2: Foul Ball, location: 2F
2-2: Ball
3-2: Base on Balls
Batting: SHB Eduardo Pampin 0-0: Fly out, F2 (Popup, 13S)
Top of the 3rd over - 0 runs, 0 hits, 0 errors, 2 left on base; Augusta 0 - Brinkley 3
BOTTOM OF THE 3RD
Brinkley Belugas batting - Pitching for Augusta Timber Hawks : LHP Gary Barber
Batting: LHB William O'Keefe 0-0: Ball
1-0: Ball
2-0: Ground out 1-3 (Groundball, 13S)
Batting: RHB Wu-shiun Wang 0-0: Ball
1-0: Ball
2-0: Ground out 6-3 (Groundball, 6D)
Batting: RHB Orlando Velásquez 0-0: Called Strike
0-1: Ball
1-1: Foul Ball, location: 2F
1-2: Strikes out swinging
Bottom of the 3rd over - 0 runs, 0 hits, 0 errors, 0 left on base; Augusta 0 - Brinkley 3
TOP OF THE 4TH
Augusta Timber Hawks batting - Pitching for Brinkley Belugas : RHP Chae-seong Kim
Batting: RHB Kenny Fleming 0-0: Ball
1-0: DOUBLE (Line Drive, 7LD)
Batting: LHB Dan O'Day 0-0: Called Strike
0-1: Ball
1-1: Swinging Strike
1-2: Strikes out swinging
Batting: LHB Mark McClear 0-0: Called Strike
Kenny Fleming steals 3rd base
0-1: Called Strike
0-2: Foul Ball, location: 2F
0-2: Ball
1-2: Ground out 6-3 (Groundball, 6)
Batting: RHB Jorge López 0-0: Ball
1-0: Ball
2-0: Ground out 5-3 (Groundball, 5L)
Top of the 4th over - 0 runs, 1 hit, 0 errors, 1 left on base; Augusta 0 - Brinkley 3
BOTTOM OF THE 4TH
Brinkley Belugas batting - Pitching for Augusta Timber Hawks : LHP Gary Barber
Batting: LHB Mario Nieves 0-0: Fly out, F3 (Line Drive, 34)
Batting: RHB Reggie Kahn 0-0: Ball
1-0: Ball
2-0: Ball
3-0: Called Strike
3-1: Called Strike
3-2: Base on Balls
Batting: LHB Mike Cook 0-0: Called Strike
0-1: Ball
1-1: Ball
Throwing error on steal attempt, E2
Reggie Kahn to third
2-1: Ball
3-1: Fly out, F8 (Flyball, 78M)
Runner from 3rd tags up, SCORES, throw made
Batting: LHB Natale Langushi 0-0: Ball
1-0: Ball
2-0: Fly out, F8 (Flyball, 8LS)
Bottom of the 4th over - 1 run, 0 hits, 1 error, 0 left on base; Augusta 0 - Brinkley 4
TOP OF THE 5TH
Augusta Timber Hawks batting - Pitching for Brinkley Belugas : RHP Chae-seong Kim
Batting: LHB José Pérez 0-0: Ground out 6-3 (Groundball, 56)
Batting: LHB Carlos Medellín 0-0: Called Strike
0-1: Ball
1-1: Ball
2-1: Ball
3-1: Foul Ball, location: 2F
3-2: Base on Balls
Batting: RHB Armond Merlin 0-0: Ball
1-0: Called Strike
Carlos Medellín steals 2nd base
1-1: Ball
2-1: Foul Ball, location: 2F
2-2: Ground out 5-3 (Groundball, 56S)
Carlos Medellín to third
Batting: LHB Juan Gabriel 0-0: Ball
1-0: Foul Ball, location: 2F
1-1: Ball
2-1: Foul Ball, location: 2F
2-2: Foul Ball, location: 2F
2-2: Ball
3-2: Base on Balls
Batting: SHB Eduardo Pampin 0-0: Called Strike
0-1: Ball
1-1: SINGLE (Line Drive, 6D)
Carlos Medellín scores
Juan Gabriel to second
Pitching: RHP Arturo Villa
Batting: RHB Kenny Fleming 0-0: Ball
1-0: Ball
2-0: Called Strike
2-1: Fly out, F9 (Flyball, 9)
Top of the 5th over - 1 run, 1 hit, 0 errors, 2 left on base; Augusta 1 - Brinkley 4
BOTTOM OF THE 5TH
Brinkley Belugas batting - Pitching for Augusta Timber Hawks : LHP Gary Barber
Batting: RHB Randy Tucker 0-0: Ground out 6-3 (Groundball, 6)
Batting: LHB Marcos Deleón 0-0: Ball
1-0: Ball
2-0: Swinging Strike
2-1: Fly out, F6 (Popup, 6MS)
Batting: LHB William O'Keefe 0-0: Called Strike
0-1: Swinging Strike
0-2: Strikes out swinging
Bottom of the 5th over - 0 runs, 0 hits, 0 errors, 0 left on base; Augusta 1 - Brinkley 4
TOP OF THE 6TH
Augusta Timber Hawks batting - Pitching for Brinkley Belugas : RHP Arturo Villa
Batting: LHB Dan O'Day 0-0: Swinging Strike
0-1: Called Strike
0-2: Strikes out swinging
Batting: LHB Mark McClear 0-0: Called Strike
0-1: Ball
1-1: Foul Ball, location: 2F
1-2: Ball
2-2: Ball
3-2: Base on Balls
Batting: RHB Jorge López 0-0: Foul Ball, location: 2F
0-1: Called Strike
0-2: Ball
1-2: Foul Ball, location: 2F
1-2: Strikes out swinging
Batting: LHB José Pérez 0-0: Called Strike
0-1: Ball
1-1: Swinging Strike
1-2: SINGLE (Groundball, 4D)
Mark McClear to second
Runner from 2nd tries for 3rd, SAFE, throw made to third
Batting: LHB Carlos Medellín 0-0: Foul Ball, location: 2F
0-1: Foul Ball, location: 2F
0-2: Ball
1-2: Foul Ball, location: 2F
1-2: TRIPLE (Line Drive, 8LXD)
Mark McClear scores
José Pérez scores
Batting: RHB Armond Merlin 0-0: Ball
1-0: Ball
2-0: Ball
3-0: Called Strike
3-1: Fly out, F9 (Flyball, 9S)
Top of the 6th over - 2 runs, 2 hits, 0 errors, 1 left on base; Augusta 3 - Brinkley 4
BOTTOM OF THE 6TH
Brinkley Belugas batting - Pitching for Augusta Timber Hawks : LHP Gary Barber
Batting: RHB Wu-shiun Wang 0-0: Ground out 6-3 (Groundball, 6)
Batting: RHB Orlando Velásquez 0-0: Ball
1-0: Swinging Strike
1-1: Ball
2-1: Foul Ball, location: 2F
2-2: SINGLE (Line Drive, 6D)
Batting: LHB Mario Nieves 0-0: Called Strike
0-1: Foul Ball, location: 2F
0-2: SINGLE (Flyball, 78M)
Orlando Velásquez to second
Batting: RHB Reggie Kahn 0-0: Called Strike
0-1: Called Strike
0-2: Ball
1-2: Strikes out swinging
Batting: LHB Mike Cook 0-0: Ball
1-0: Ball
2-0: Called Strike
2-1: Ball
3-1: Ground out 4-3 (Groundball, 4)
Bottom of the 6th over - 0 runs, 2 hits, 0 errors, 2 left on base; Augusta 3 - Brinkley 4
TOP OF THE 7TH
Augusta Timber Hawks batting - Pitching for Brinkley Belugas : RHP Arturo Villa
Pitching: LHP Peter Hall
Now at SS: Bernardo Hernández
Batting: LHB Juan Gabriel 0-0: Ball
1-0: Ball
2-0: Ball
3-0: Base on Balls
Batting: SHB Eduardo Pampin 0-0: Called Strike
0-1: Foul Ball, location: 2F
0-2: Ball
1-2: Ball
2-2: Fly out, F8 (Flyball, 8RD)
Batting: RHB Kenny Fleming 0-0: Called Strike
0-1: Ball
Wild Pitch!
Juan Gabriel to second
1-1: Swinging Strike
1-2: Ball
2-2: Foul Ball, location: 2F
2-2: Foul Ball, location: 2F
2-2: Ball
3-2: Base on Balls
Pinch Hitting: RHB Luis Tapia 0-0: SINGLE (Line Drive, 6D)
Juan Gabriel to third
Kenny Fleming to second
Runner from 3rd tries for Home, SAFE, no throw
Batting: LHB Mark McClear 0-0: Called Strike
0-1: Ball
1-1: Ball
2-1: Foul Ball, location: 2F
2-2: Grounds into double play, 6-4-3 (Groundball, 6)
Top of the 7th over - 1 run, 1 hit, 0 errors, 1 left on base; Augusta 4 - Brinkley 4
BOTTOM OF THE 7TH
Brinkley Belugas batting - Pitching for Augusta Timber Hawks : LHP Gary Barber
Pitching: RHP Brian Krick
Now at 1B: Luis Tapia
Batting: LHB Natale Langushi 0-0: Ball
1-0: Foul Ball, location: 2F
1-1: Swinging Strike
1-2: Ball
2-2: Ball
3-2: Foul Ball, location: 2F
3-2: Base on Balls
Batting: RHB Randy Tucker 0-0: Ball
1-0: Sac Bunt - play at first, batter OUT! 1-4
Natale Langushi to second
Batting: LHB Marcos Deleón 0-0: Called Strike
0-1: Foul Ball, location: 2F
0-2: Ball
1-2: Ball
2-2: Ball
3-2: Foul Ball, location: 2F
3-2: SINGLE (Line Drive, 8LS)
Natale Langushi to third
Batting: LHB William O'Keefe 0-0: Called Strike
0-1: Ball
Marcos Deleón is caught stealing 2nd base
1-1: Foul Ball, location: 2F
1-2: Ball
2-2: Fly out, F5 (Flyball, 5D)
Bottom of the 7th over - 0 runs, 1 hit, 0 errors, 1 left on base; Augusta 4 - Brinkley 4
TOP OF THE 8TH
Augusta Timber Hawks batting - Pitching for Brinkley Belugas : LHP Peter Hall
Batting: RHB Jorge López 0-0: Foul Ball, location: 2F
0-1: SOLO HOME RUN (Line Drive, 9LD), Distance : 344 ft
Pitching: RHP Steven Jones
Batting: LHB José Pérez 0-0: Ball
1-0: Ground out U3 (Groundball, 3)
Batting: LHB Carlos Medellín 0-0: Ball
1-0: Fly out, F7 (Flyball, 7S)
Batting: RHB Armond Merlin 0-0: Ball
1-0: Called Strike
1-1: Ball
2-1: Swinging Strike
2-2: SINGLE (Line Drive, 56D)
Batting: LHB Juan Gabriel 0-0: Ground out U3 (Groundball, 3)
Top of the 8th over - 1 run, 2 hits, 0 errors, 1 left on base; Augusta 5 - Brinkley 4
BOTTOM OF THE 8TH
Brinkley Belugas batting - Pitching for Augusta Timber Hawks : RHP Brian Krick
Batting: RHB Wu-shiun Wang 0-0: Ball
1-0: Called Strike
1-1: Ground out 6-3 (Groundball, 56)
Batting: SHB Bernardo Hernández 0-0: Ball
1-0: Ball
2-0: Called Strike
2-1: Called Strike
2-2: Strikes out swinging
Batting: LHB Mario Nieves 0-0: Ball
1-0: Ball
2-0: Ball
3-0: Base on Balls
Batting: RHB Reggie Kahn 0-0: Called Strike
0-1: Foul Ball, location: 2F
0-2: Ball
1-2: Ball
2-2: SINGLE (Groundball, 34D)
Mario Nieves to second
Runner from 2nd tries for 3rd, SAFE, no throw
Batting: LHB Mike Cook 0-0: Foul Ball, location: 2F
0-1: Ball
1-1: Ball
2-1: 3-RUN HOME RUN (Flyball, 7LD), Distance : 350 ft
Pitching: RHP Iván Flores
Batting: LHB Natale Langushi 0-0: Called Strike
0-1: Ground out 5-3 (Groundball, 56)
Bottom of the 8th over - 3 runs, 2 hits, 0 errors, 0 left on base; Augusta 5 - Brinkley 7
TOP OF THE 9TH
Augusta Timber Hawks batting - Pitching for Brinkley Belugas : RHP Steven Jones
Pitching: RHP António Rúbio
Batting: SHB Eduardo Pampin 0-0: Foul Ball, location: 2F
0-1: Foul Ball, location: 2F
0-2: Strikes out swinging
Batting: RHB Kenny Fleming 0-0: Ground out 6-3 (Groundball, 6)
Batting: RHB Luis Tapia 0-0: Ground out 4-3 (Groundball, 4M)
Top of the 9th over - 0 runs, 0 hits, 0 errors, 0 left on base; Augusta 5 - Brinkley 7
Tuesday, December 19th, 2017 - OOTP Baseball 18.8 Build 76